 Dungeon Crawl Stone Soup version 0.27-a0-1280-g9d2d252d84 (webtiles) character file.

Game seed: 2187750387632425770

46545 EiAlmux the Geomancer (level 14, -2/99 HPs)
             Began as a Grey Draconian Earth Elementalist on June 13, 2021.
             Was an Elder of Vehumet.
             Slain by a death yak (16 damage)
             ... on level 5 of the Lair of Beasts.
             The game lasted 01:23:18 (28366 turns).

EiAlmux the Geomancer (DrEE)                       Turns: 28366, Time: 01:23:19

Health: -2/99      AC: 19    Str: 10    XL:     14   Next: 5%
Magic:  3/29       EV: 12    Int: 21    God:    Vehumet [****..]
Gold:   964        SH:  5    Dex: 12    Spells: 12/35 levels left

rFire    + . .     SeeInvis .   A - +2 dagger (drain)
rCold    + . .     Faith    +   q - +0 buckler
rNeg     . . .     Spirit   .   (armour unavailable)
rPois    .         Reflect  .   (helmet restricted)
rElec    .         Harm     .   K - scarf {rC+ rF+}
rCorr    .         Rampage  .   S - +0 pair of gloves
Will     +....                  g - +0 pair of boots
Stlth    ++++......             a - amulet of faith
HPRegen  0.26/turn              l - ring of wizardry
MPRegen  0.21/turn              M - +4 ring of protection

@: no status effects
A: AC +13, amphibious, unfitting armour, cold-blooded
a: Renounce Religion


You were on level 5 of the Lair of Beasts.
You worshipped Vehumet.
Vehumet was greatly pleased with you.
You visited 3 branches of the dungeon, and saw 20 of its levels.

You collected 964 gold pieces.

Inventory:

Hand Weapons
 A - a +2 dagger of draining (weapon)
Missiles
 b - 490 stones
Armour
 g - a +0 pair of boots (worn)
 q - a +0 buckler (worn)
 K - a scarf of resistance (worn)
 S - a +0 pair of gloves (worn)
Magical Staves
 i - a staff of cold
 O - a staff of poison
Jewellery
 a - an amulet of faith (around neck)
 h - a ring of wizardry
 l - a ring of wizardry (left hand)
 s - an amulet of guardian spirit
 w - a +4 ring of evasion
 E - a ring of resist corrosion
 H - a ring of fire
 M - a +4 ring of protection (right hand)
 N - a ring of see invisible
 Q - a ring of willpower
 Y - an amulet of the acrobat
Scrolls
 d - 3 scrolls of immolation
 e - 2 scrolls of vulnerability {unknown}
 f - 5 scrolls of amnesia
 k - a scroll of enchant weapon {unknown}
 m - 2 scrolls of holy word
 t - 4 scrolls of teleportation {unknown}
 u - a scroll of fog {unknown}
 v - a scroll of magic mapping {unknown}
 x - 2 scrolls of torment {unknown}
 B - 2 scrolls of enchant armour {unknown}
 I - 4 scrolls of fear {unknown}
 R - a scroll of silence {unknown}
 V - 2 scrolls of blinking
Potions
 c - 3 potions of mutation
 j - 3 potions of might
 n - 4 potions of haste
 o - 9 potions of curing
 p - 3 potions of lignification
 r - 2 potions of attraction
 z - a potion of invisibility {unknown}
 C - a potion of ambrosia {unknown}
 D - a potion of magic {unknown}
 F - 2 potions of heal wounds
 G - 2 potions of resistance
 P - a potion of cancellation {unknown}
 X - 3 potions of flight


   Skills:
 - Level 2.0 Fighting
 - Level 2.0 Dodging
 - Level 8.0 Stealth
 - Level 4.0 Shields
 + Level 11.4 Spellcasting
 + Level 12.6 Conjurations
 - Level 4.0 Translocations
 - Level 4.0 Transmutations
 + Level 14.5 Earth Magic
 - Level 6.0 Poison Magic


You had 12 spell levels left.
You knew the following spells:

 Your Spells              Type           Power      Damage    Failure   Level
a - Stone Arrow           Conj/Erth      100%       3d13      1%          3
b - Petrify               Tmut/Erth      50%        N/A       1%          4
c - Sandblast             Erth           100%       2d20      0%          1
d - Lee's Rapid Deconstr  Erth           32%        3d17*     1%          5
e - Passwall              Tmut/Erth      41%        N/A       1%          2
f - Olgreb's Toxic Radia  Pois           37%        N/A       1%          4
g - Iskenderun's Mystic   Conj/Tloc      47%        2d10      1%          4

Your spell library contained the following spells:

 Spells                   Type           Power      Damage    Failure   Level
 Hailstorm                Conj/Ice       38%        3d9       1%          4
 Foxfire                  Conj/Fire      100%       2x1d9     1%          1
 Shock                    Conj/Air       100%       1d9       1%          1
 Poisonous Vapours        Pois/Air       48%        N/A       1%          2
 Static Discharge         Conj/Air       38%        N/A       1%          2
 Conjure Flame            Conj/Fire      38%        6-21      1%          3
 Mephitic Cloud           Conj/Pois/Air  38%        N/A       1%          3
 Lightning Bolt           Conj/Air       19%        1d33      1%          5
 Animate Skeleton         Necr           22%        N/A       2%          1
 Pain                     Necr           44%        1d6       2%          1
 Summon Small Mammal      Summ           44%        N/A       2%          1
 Call Imp                 Summ           11%        N/A       3%          2
 Freezing Cloud           Conj/Ice/Air   14%        6-21      3%          5
 Call Canine Familiar     Summ           11%        N/A       7%          3
 Summon Guardian Golem    Hex/Summ       11%        N/A       7%          3
 Swiftness                Air            11%        N/A       7%          3
 Vampiric Draining        Necr           5%         2d6       7%          3
 Airstrike                Air            5%         N/A       7%          4
 Conjure Ball Lightning   Conj/Air       19%        3x3d6     8%          6
 Animate Dead             Necr           5%         N/A       22%         4
 Summon Ice Beast         Ice/Summ       11%        N/A       22%         4
 Summon Lightning Spire   Summ/Air       11%        N/A       22%         4
 Agony                    Necr           11%        N/A       50%         5
 Silence                  Hex/Air        5%         N/A       50%         5
 Storm Form               Tmut/Air       10%        N/A       100%        7


Dungeon Overview and Level Annotations

Branches:
Dungeon (14/15)            Temple (1/1) D:7            Lair (5/6) D:9
  Swamp (0/4) Lair:4       Spider (0/4) Lair:4          Orc (0/2) D:10
 Vaults (0/5) D:13
  Slime: Lair:5-6

Altars:
Ashenzari
Cheibriados
Dithmenos
Elyvilon
Fedhas
Gozag
Hepliaklqana
Kikubaaqudgha
Makhleb
Nemelex Xobeh
Okawaru
Qazlal
Ru
Sif Muna
Trog
Uskayaw
Vehumet
Wu Jian
Xom
Yredelemnul
Zin
The Shining One

Annotations:
D:9 exclusion: two-headed ogre, Erica
D:12 2 transporters, exclusion: boulder beetle, Frances
Lair:1 Nergalle
Lair:2 2 transporters, Ymeruj's ghost, journeyman MiBe
Lair:4 3 runed translucent doors, EiAlmux's ghost, journeyman DECj
Lair:5 2 transporters, anet's ghost, journeyman GrFi


Innate Abilities, Weirdness & Mutations

Your dull iron-grey scales are very hard. (AC +13)
You are amphibious.
You cannot fit into any form of body armour.
You are cold-blooded and may be slowed by cold attacks.


Message History

The death yak closely misses you.
You hit the death yak but do no damage. You drain the death yak.
The death yak is almost dead.
The death yak gores you but does no damage.
You are too injured to fight recklessly!
You are too injured to fight recklessly!
Casting: Iskenderun's Mystic Blast (safe; 1% risk of failure)
Confirm with . or Enter, or press ? or * to list all spells.
Aiming: Stone Arrow (safe; 1% risk of failure)
Press: ? - help, Shift-Dir - straight line, f - death yak
Aim: a death yak (almost dead, heavily drained, 92% to hit)
The stone arrow hits the death yak!!
You kill the death yak!
Vehumet accepts your kill.
You feel your power returning.
The death yak seems less drained.
Casting: Stone Arrow (safe; 1% risk of failure)
Confirm with . or Enter, or press ? or * to list all spells.
You don't have enough magic to cast this spell.
Unknown command.
You hit the death yak but do no damage.
The death yak is heavily wounded.
The death yak gores you!
* * * LOW HITPOINT WARNING * * *
The death yak seems less drained.
Casting: Stone Arrow (safe; 1% risk of failure)
Confirm with . or Enter, or press ? or * to list all spells.
Aiming: Petrify (mildly dangerous; 1% risk of failure)
Press: ? - help, Shift-Dir - straight line
Okay, then.
Casting: Petrify (mildly dangerous; 1% risk of failure)
Confirm with . or Enter, or press ? or * to list all spells.
Aiming: Passwall (safe; 1% risk of failure)
Press: ? - help, Dir - move target A rock wall.
The death yak closely misses you.
You begin to meditate on the wall.
You continue meditating on the rock. x2
The death yak gores you!
* * * LOW HITPOINT WARNING * * *
The death yak gores you!
You die...

....## ##....##### ##........##
....# ##.P.# #.###..........##
...## ###.# ##.#............##
...### #######.................
.....#####.P###..................
#....##.#...P##..................
##..........####.................
#.P.........###.................
#.P..#....##..##@Y...............
#...#####...#.###Y.........P.....
##.##...#.....###...........PP###
≈###≈≈..#.....##..###.#....####
.≈.≈..≈.###....Y.## ########
......≈####......###
.≈≈≈.≈##[.....>....##
.≈<≈................#
.≈≈≈.≈##.......#...###


You could see 2 death yaks.

Vanquished Creatures
  5 hydras
  4 catoblepae
  A centaur warrior (D:11)
  11 death yaks
  A two-headed ogre (D:9)
  Sonja (Lair:5)
  2 bog bodies (Lair:4)
  2 oklob plants (Lair:5)
  A cyclops (D:11)
  4 manticores
  5 elephants (Lair:4)
  A black mamba (Lair:3)
  2 unseen horrors
  10 cane toads
  Maggie (D:6)
  6 komodo dragons
  4 jumping spiders (Lair:4)
  2 trolls
  3 polar bears
  7 slime creatures
  A meliai zombie (D:10)
  3 blink frogs (Lair:5)
  2 shadows
  Sigmund (D:6)
  A wraith (D:9)
  A redback (Lair:4)
  5 wyverns
  54 yaks
  3 basilisks
  2 steam dragons
  Menkaure (D:4)
  14 water moccasins
  4 wargs (D:10)
  A swamp worm (Lair:4)
  4 orc warriors
  A sky beast (D:6)
  A necrophage (D:8)
  4 ogres
  A centaur (D:7)
  17 wolves
  3 kobold brigands
  A phantom (D:4)
  8 bullfrogs
  A wyvern zombie (D:9)
  A gnoll sergeant (D:11)
  2 scorpions
  An electric eel (Lair:4)
  3 howler monkeys
  4 centaur zombies
  A bullfrog zombie (D:6)
  7 orc priests
  A bullfrog skeleton (D:3)
  2 gnoll shamans
  A hound (D:5)
  2 jellies
  Crazy Yiuf (D:5)
  4 iguanas
  9 orc wizards
  A hound zombie (D:5)
  4 adders
  6 gnolls
  2 worms
  6 dart slugs
  40 orcs
  8 bats
  4 endoplasms
  6 giant cockroaches
  7 goblins
  11 hobgoblins
  5 jackals
  21 kobolds
  5 quokkas
  12 ball pythons
  2 frilled lizards
  A quokka skeleton (D:4)
  11 rats
398 creatures vanquished.

Vanquished Creatures (others)
  43 fungi
  59 plants
102 creatures vanquished.

Grand Total: 500 creatures vanquished

Notes
Turn   | Place    | Note
-------+----------+-------------------------------------------
     0 | D:1      | EiAlmux the Draconian Earth Elementalist began the quest
                  | for the Orb.
     0 | D:1      | Reached XP level 1. HP: 14/14 MP: 3/3
   165 | D:1      | Found a faded altar of an unknown god.
   570 | D:1      | Reached XP level 2. HP: 3/22 MP: 0/5
   573 | D:1      | Learned a level 2 spell: Passwall
  1165 | D:1      | Reached skill level 1 in Conjurations
  1283 | D:1      | Reached skill level 1 in Fighting
  1755 | D:1      | Reached XP level 3. HP: 28/28 MP: 4/6
  2427 | D:2      | Learned a level 3 spell: Stone Arrow
  2574 | D:2      | Found an ancient bone altar of Kikubaaqudgha.
  2651 | D:2      | You fall into a shaft and drop 2 floors!
  2732 | D:4      | Reached XP level 4. HP: 35/35 MP: 3/7
  3966 | D:3      | Reached XP level 5. HP: 33/41 MP: 1/9
  5580 | D:4      | Noticed a phantom
  5605 | D:4      | Killed a phantom
  5606 | D:4      | Reached skill level 4 in Earth Magic
  5606 | D:4      | Reached XP level 6. HP: 39/48 MP: 1/10
  5991 | D:4      | Noticed Menkaure
  6513 | D:5      | Entered Level 5 of the Dungeon
  6588 | D:5      | Found a runed translucent door.
  6589 | D:5      | Noticed Crazy Yiuf
  6697 | D:5      | Your scales start taking on a dull iron-grey colour.
  6697 | D:5      | Reached skill level 5 in Earth Magic
  6697 | D:5      | Reached XP level 7. HP: 55/55 MP: 1/12
  6926 | D:5      | Reached skill level 5 in Conjurations
  7814 | D:6      | Reached skill level 6 in Earth Magic
  7875 | D:6      | Noticed a steam dragon
  8050 | D:6      | Noticed a yak
  8238 | D:7      | Found a staircase to the Ecumenical Temple.
  8275 | Temple   | Entered the Ecumenical Temple
  8607 | D:7      | Found a sacrificial altar of Ru.
  8754 | D:7      | Found an ancient bone altar of Kikubaaqudgha.
  8757 | D:7      | Found a radiant altar of Vehumet.
  8760 | D:7      | Found a sparkling altar of Nemelex Xobeh.
  8761 | D:7      | Found a blossoming altar of Fedhas.
  8761 | D:7      | Found a hazy altar of Hepliaklqana.
  8767 | D:7      | Reached XP level 8. HP: 61/61 MP: 7/14
  8777 | D:7      | Became a worshipper of Vehumet
  9075 | D:7      | Found a shimmering blue altar of Sif Muna.
  9088 | D:7      | Got Sif Muna's Guide on Heat
  9092 | D:7      | Got Sif Muna's Volume of the Mountains
  9318 | D:8      | Reached skill level 1 in Shields
  9588 | D:8      | Reached skill level 7 in Earth Magic
  9782 | D:8      | Reached skill level 5 in Spellcasting
  9866 | D:7      | Learned a level 5 spell: Lee's Rapid Deconstruction
  9871 | D:7      | Learned a level 4 spell: Petrify
 10128 | D:8      | Reached XP level 9. HP: 56/67 MP: 0/16
 10449 | D:8      | Reached * piety under Vehumet
 10449 | D:8      | Offered knowledge of Freeze by Vehumet.
 10922 | D:9      | Noticed a troll
 11274 | D:9      | Noticed a red ugly thing
 11300 | D:9      | Noticed a two-headed ogre
 11354 | D:9      | Noticed Erica
 11496 | D:9      | Reached skill level 8 in Earth Magic
 11739 | D:10     | Entered Level 10 of the Dungeon
 12176 | D:10     | Reached skill level 9 in Earth Magic
 12418 | D:9      | Killed an unseen horror
 12419 | D:9      | Reached XP level 10. HP: 57/73 MP: 7/20
 12850 | D:10     | Found a staircase to the Orcish Mines.
 12864 | D:10     | Offered knowledge of Magic Dart by Vehumet.
 13052 | D:10     | Reached ** piety under Vehumet
 13447 | D:10     | Reached skill level 10 in Earth Magic
 13661 | D:11     | Noticed a cyclops
 13688 | D:11     | Noticed a centaur warrior
 13781 | D:11     | Killed a centaur warrior
 14493 | D:11     | Reached skill level 11 in Earth Magic
 14637 | D:11     | Noticed a two-headed ogre
 14863 | D:11     | You fall into a shaft and drop 3 floors!
 14891 | D:14     | Found an opulent altar of Gozag.
 14918 | D:14     | Found a bloodstained altar of Trog.
 14929 | D:14     | Noticed a guardian serpent
 14934 | D:13     | Found a gate to the Vaults.
 14934 | D:13     | Noticed a centaur warrior
 14934 | D:13     | Noticed an orc knight
 14934 | D:13     | Noticed a fire dragon
 14991 | D:13     | Noticed a cyan ugly thing
 15124 | D:13     | Noticed a four-headed hydra
 15136 | D:13     | Killed a four-headed hydra
 15137 | D:13     | Reached XP level 11. HP: 65/79 MP: 3/23
 15574 | D:12     | Noticed a boulder beetle
 15681 | D:12     | Noticed a tengu warrior
 15687 | D:12     | Found a transporter.
 15687 | D:12     | Noticed a centaur warrior
 15687 | D:12     | Noticed a deep elf pyromancer
 15687 | D:12     | Noticed a tengu warrior
 15688 | D:12     | Noticed a deep troll earth mage
 15688 | D:12     | Noticed a deep elf annihilator
 15860 | D:12     | Found a transporter.
 15872 | D:12     | Noticed an orb spider
 15872 | D:12     | a yaktaur changed into an orb spider
 15926 | D:12     | Found a sparkling altar of Nemelex Xobeh.
 16004 | D:12     | Offered knowledge of Poisonous Vapours by Vehumet.
 16005 | D:12     | Reached skill level 10 in Conjurations
 16084 | D:12     | Noticed Frances
 16250 | D:11     | Reached skill level 5 in Stealth
 16404 | D:11     | Noticed a swamp dragon
 16734 | D:4      | Killed Menkaure
 17130 | D:5      | Killed Crazy Yiuf
 17310 | D:6      | Noticed Sigmund
 17312 | D:6      | Killed Sigmund
 17319 | D:6      | Noticed Maggie
 17325 | D:6      | Killed Maggie
 17585 | D:6      | Reached *** piety under Vehumet
 17929 | D:6      | Found a basalt altar of Yredelemnul.
 18817 | D:9      | Killed a two-headed ogre
 19068 | D:9      | Found a staircase to the Lair.
 19385 | Lair:1   | Entered Level 1 of the Lair of Beasts
 19386 | Lair:1   | Noticed Nergalle
 19417 | Lair:1   | Offered knowledge of Olgreb's Toxic Radiance by Vehumet.
 19419 | Lair:1   | Reached skill level 12 in Earth Magic
 19762 | Lair:1   | Reached XP level 12. HP: 81/85 MP: 3/25
 19970 | Lair:1   | Learned a level 4 spell: Olgreb's Toxic Radiance
 20181 | Lair:1   | Reached **** piety under Vehumet
 21035 | Lair:2   | Found a transporter.
 21037 | Lair:2   | Found a transporter.
 21096 | Lair:2   | Noticed a death yak
 21098 | Lair:2   | Noticed a five-headed hydra
 21107 | Lair:2   | Noticed Ymeruj's ghost (journeyman MiBe)
 21108 | Lair:2   | Noticed a death yak
 21470 | Lair:2   | Offered knowledge of Iskenderun's Mystic Blast by Vehumet.
 21471 | Lair:2   | Reached skill level 10 in Spellcasting
 21555 | Lair:2   | Noticed an eight-headed hydra
 21564 | Lair:2   | Learned a level 4 spell: Iskenderun's Mystic Blast
 21572 | Lair:2   | Killed an eight-headed hydra
 21685 | Lair:2   | Noticed a boulder beetle
 21926 | Lair:3   | Reached skill level 13 in Earth Magic
 22358 | Lair:3   | Noticed an eight-headed hydra
 22940 | Lair:3   | Killed an eight-headed hydra
 23305 | Lair:4   | Noticed a four-headed hydra
 23306 | Lair:4   | Noticed a catoblepas
 23492 | Lair:4   | Reached ***** piety under Vehumet
 23493 | Lair:4   | Reached skill level 1 in Translocations
 23493 | Lair:4   | Reached skill level 1 in Poison Magic
 23663 | Lair:4   | Reached XP level 13. HP: 91/91 MP: 18/27
 23743 | Lair:4   | Offered knowledge of Hailstorm by Vehumet.
 24544 | Lair:4   | Found a hole to the Spider Nest.
 24774 | Lair:4   | Found a runed translucent gate.
 24776 | Lair:4   | Found a runed translucent gate.
 24778 | Lair:4   | Found a runed translucent gate.
 24778 | Lair:4   | Noticed EiAlmux's ghost (journeyman DECj)
 25164 | Lair:4   | Found a staircase to the Swamp.
 25182 | Lair:4   | Reached skill level 14 in Earth Magic
 25509 | Lair:5   | Found a transporter.
 25509 | Lair:5   | Noticed anet's ghost (journeyman GrFi)
 25530 | Lair:5   | Found a transporter.
 25939 | Lair:5   | Noticed Sonja
 25943 | Lair:5   | Killed Sonja
 26284 | Lair:5   | Reached skill level 5 in Poison Magic
 27767 | Lair:5   | Reached XP level 14. HP: 76/99 MP: 2/29
 28366 | Lair:5   | Slain by a death yak

Illustrated notes

Levels and vault maps discovered:
D:1:      dpeg_arrival_prison, layout_loops_corners,
          hellmonk_ecumenical_altar_blasted, minivault_25, minmay_octomino_j4
D:2:      layout_loops_ring, basic_altar
D:3:      layout_loops_corners
D:4:      layout_cave_pods, grunt_ministairs_9, st_stairs_1, uniq_menkaure
D:5:      minmay_inner_zag, layout_cave_pools, uniq_crazy_yiuf_cottage
D:6:      layout_loops_ring, marbit_many_paths, uniq_sigmund, uniq_maggie
D:7:      layout_loops_cross, grunt_temple_overflow_open,
          nicolae_sif_muna_little_library, nicolae_ru_great_annihilating_truth,
          minmay_temple_entry_glass, feat_on_display
D:8:      layout_cave_pools, st_stairs_8
D:9:      layout_loops_ring, grunt_lair_entry_orc_guard_hut, uniq_erica
D:10:     layout_roguey, minmay_orc_entry_guard_dogs
D:11:     layout_roguey, lightli_corner_chamber
D:12:     gammafunk_sealed_arena, layout_stronghold, nemelex_altar_shiori,
          uniq_frances
D:13:     layout_loops_ring, david_vaults_3, portal_ice_cave_demonic_guard,
          minmay_strange_pillars
D:14:     layout_loops_ring, nicolae_gozag_seed_capital, minivault_10,
          trog_three_pillars_becter, uniq_louise, uniq_kirke
Temple:   nicolae_temple_great_sept
Lair:1:   layout_chaotic_city, chequers_serial_rivers_room_a,
          serial_bayou_pond_e, uniq_nergalle
Lair:2:   layout_hall_layers, nzn_ghost_randoct
Lair:3:   layout_misc_corridors, infiniplex_staircase_pool
Lair:4:   layout_big_grid, nicolae_swamp_entry_splash_gauntlet,
          nicolae_spider_entry_tight_spaces, gammafunk_ghost_hydra_chop
Lair:5:   nzn_motion_control, layout_cave_pods,
          gammafunk_ghost_berserking_beasts, minmay_lair_oklob_chamber,
          uniq_sonja

Skill      XL: |  1  2  3  4  5  6  7  8  9 10 11 12 13 |
---------------+----------------------------------------+-----
Conjurations   | 1 2 3 4 5 6 8 9 10 11 12 | 12.6
Fighting       | 1 2 |  2.0
Stealth        | 2 3 4 6 8 |  8.0
Spellcasting   | 3 4 5 6 8 9 10 11 | 11.4
Earth Magic    | 4 5 6 7 9 11 12 13 14 | 14.5
Shields        | 3 4 |  4.0
Dodging        | 2 |  2.0
Transmutations | 4 |  4.0
Translocations | 1 4 |  4.0
Poison Magic   | 1 6 |  6.0

Action                   |  1- 3 |  4- 6 |  7- 9 | 10-12 | 13-15 || total
-------------------------+-------+-------+-------+-------+-------++-------
Melee: Unarmed           |    41 |       |       |       |       ||    41
       Tailslap          |     8 |     6 |     7 |    22 |     7 ||    50
       Club              |    58 |       |       |       |       ||    58
       Mace              |    10 |    82 |       |       |       ||    92
       Dagger            |       |       |    90 |   193 |    77 ||   360
 Cast: Sandblast         |    49 |    57 |    27 |     3 |       ||   136
       Passwall          |     1 |     2 |     3 |     8 |     1 ||    15
       Stone Arrow       |       |    20 |    94 |   298 |   115 ||   527
       Petrify           |       |       |     3 |     5 |     5 ||    13
       Lee's Rapid Decon |       |       |    15 |    41 |    23 ||    79
       Olgreb's Toxic Ra |       |       |       |       |    22 ||    22
       Iskenderun's Myst |       |       |       |       |    38 ||    38
  Use: Scroll            |     1 |     1 |       |    10 |     4 ||    16
       Potion            |       |       |       |     1 |     1 ||     2
 Stab: Sleeping          |       |     4 |       |       |       ||     4
       Petrifying        |       |       |       |       |     1 ||     1
       Petrified         |       |       |       |       |     1 ||     1
Armor: Skin              |    52 |    44 |    41 |   147 |    77 ||   361
Dodge: Dodged            |   103 |    91 |    93 |   194 |    75 ||   556
Block: Buckler           |       |       |    20 |    56 |    25 ||   101

Table legend: (Time is in decaauts)
 A = Elapsed time spent in this place.
 B = Non-inter-level travel time spent in this place.
 C = Inter-level travel time spent in this place.
 D = Time resting spent in this place.
 E = Time spent auto-exploring this place.
 F = Levels seen in this place.
 G = Mean time per level.
                   A        B        C        D        E       F      G
               +--------+--------+--------+--------+--------+-----+--------+
         Total |  28490 |  26533 |   1957 |   4573 |  17197 |  20 | 1424.5 |
       Dungeon |  19376 |  17656 |   1720 |   3083 |  11361 |  14 | 1384.0 |
        Temple |     87 |     75 |     12 |      0 |     74 |   1 |   87.0 |
          Lair |   9026 |   8801 |    225 |   1490 |   5762 |   5 | 1805.2 |
               +--------+--------+--------+--------+--------+-----+--------+

Top non-repeatable levels by time:
  Lair:4: 2672 daAuts
     D:4: 2370 daAuts
  Lair:5: 2347 daAuts
     D:9: 2109 daAuts
     D:1: 2079 daAuts
     D:7: 1651 daAuts
  Lair:3: 1648 daAuts
     D:8: 1604 daAuts
     D:3: 1571 daAuts
  Lair:1: 1482 daAuts
     D:6: 1480 daAuts
    D:10: 1447 daAuts
    D:11: 1444 daAuts
     D:5: 1305 daAuts
     D:2: 1004 daAuts
